 Dungeon Crawl Stone Soup version 0.24-a0-412-ge138f7edaf (webtiles) character file.

Game seed: 3147873464794829102

184 KristoblXynda the Ruffian (level 5, -1/45 HPs)
             Began as a Troll Wizard on June 6, 2019.
             Killed by nerve-wracking pain
             ... invoked by Grinder
              (12 damage)
             ... on level 3 of the Dungeon.
             The game lasted 00:04:13 (1602 turns).

KristoblXynda the Ruffian (Troll Wizard)            Turns: 1602, Time: 00:04:14

Health: -1/45      AC:  6    Str: 15    XL:     5   Next: 36%
Magic:  4/8        EV: 15    Int: 15    God:
Gold:   80         SH:  0    Dex: 13    Spells: 6/10 levels left

rFire    . . .     SeeInvis +     - Unarmed
rCold    . . .     Gourm    +   (no shield)
rNeg     . . .     Faith    .   a - +0 robe
rPois    .         Spirit   .   b - +0 hat
rElec    .         Reflect  .   (no cloak)
rCorr    .         Harm     .   (gloves unavailable)
MR       .....                  (boots unavailable)
Stlth    ++++......             (no amulet)
HPRegen  0.55/turn              i - ring of stealth
MPRegen  0.11/turn              m - ring of see invisible

@: agile, very slightly contaminated
A: large, unfitting armour, claws 3, fast metabolism 3, gourmand, regeneration
1, shaggy fur 1, tough skin 3
a: no special abilities


You were on level 3 of the Dungeon.
You were full.

You visited 1 branch of the dungeon, and saw 3 of its levels.

You collected 80 gold pieces.

Inventory:

Missiles
 o - a throwing net (quivered)
Armour
 a - a +0 robe (worn)
 b - a +0 hat (worn)
 j - a +0 shield
Jewellery
 i - a ring of stealth (left claw)
 m - a ring of see invisible (right claw)
Scrolls
 f - 2 scrolls of remove curse {unknown}
 h - 2 scrolls of fog {unknown}
 k - a scroll of identify {unknown}
 n - 2 scrolls of enchant armour {unknown}
Potions
 c - a potion of mutation {unknown}
 e - 2 potions of agility
 g - 2 potions of curing {unknown}
 l - 2 potions of ambrosia {unknown}
Comestibles
 d - 3 rations


   Skills:
 - Level 1.5 Dodging
 - Level 1.0 Stealth
 + Level 3.5 Unarmed Combat
 + Level 3.1 Spellcasting
 - Level 0.6 Conjurations
   Level 0.6 Summonings
   Level 0.6 Translocations


You had 6 spell levels left.
You knew the following spells:

 Your Spells              Type           Power        Failure   Level  Hunger
a - Magic Dart            Conj           #...         16%         1    #......
b - Mephitic Cloud        Conj/Pois/Air  #.......     50%         3    ###....

Your spell library contained the following spells:

 Spells                   Type           Power        Failure   Level  Hunger
 Blink                    Tloc           N/A          24%         2    ##.....
 Call Imp                 Summ           #.......     24%         2    ##.....
 Slow                     Hex            #.......     30%         2    ##.....
 Conjure Flame            Conj/Fire      #.......     47%         3    ###....


Dungeon Overview and Level Annotations

Branches:
Dungeon (3/15)

Altars:
Okawaru
The Shining One

Annotations:
D:3 Grinder


Innate Abilities, Weirdness & Mutations

You are too large for most types of armour.
You have claws for hands.
Your metabolism is lightning-fast.
You like to eat raw meat.
Your natural rate of healing is unusually fast.
You are covered in fur. (AC +1)
You have extremely tough skin. (AC +3)


Message History

Grinder is moderately wounded.
Grinder says, "There's only one good use for a tongue: cutting it out."
Grinder hits you but does no damage.
You closely miss Grinder.
Grinder is moderately wounded.
Grinder hits you but does no damage.
Unknown command.
You scratch Grinder.
Grinder is heavily wounded.
Grinder closely misses you.
You barely miss Grinder.
Grinder is heavily wounded.
Grinder hits you.
You writhe in agony.
* * * LOW HITPOINT WARNING * * *
Unknown command.
It was a potion of agility.
You feel agile all of a sudden. Grinder gestures at you.
Pain shoots through your body!
You die...

≈≈≈.≈≈ ### ≈._♣≈≈
#.. ≈..♣≈≈ #.# ≈≈≈≈
#.## ≈≈≈≈ #.. ≈≈≈≈≈
#.# ...≈ #5# ...
#@# #. ##.# .# #..#
# #.. #.## #.# ###
#.# ##.# #####
#.########..###...#
#.#............###.
#.#.####.####..# ##
#...##.....##.## #


You could see Grinder.

Vanquished Creatures
  An orc wizard (D:3)
  4 gnolls (D:3)
  3 adders
  An ooze (D:1)
  An adder zombie (D:3)
  6 dart slugs
  3 leopard geckos
  5 orcs (D:3)
  2 ball pythons (D:1)
  5 giant cockroaches
  8 goblins
  4 hobgoblins
  6 jackals
  4 bats
  A frilled lizard (D:3)
  6 kobolds
  4 rats (D:1)
64 creatures vanquished.

Notes
Turn   | Place    | Note
-------+----------+-------------------------------------------
     0 | D:1      | KristoblXynda the Troll Wizard began the quest for the Orb.
     0 | D:1      | Reached XP level 1. HP: 16/16 MP: 2/2
   192 | D:1      | Reached skill level 1 in Unarmed Combat
   193 | D:1      | Reached XP level 2. HP: 24/24 MP: 4/4
   508 | D:1      | Reached XP level 3. HP: 28/31 MP: 5/5
   943 | D:2      | You fall into a shaft and drop 1 floor!
   943 | D:3      | Found a glowing golden altar of the Shining One.
  1049 | D:3      | Reached XP level 4. HP: 35/39 MP: 6/6
  1054 | D:3      | Learned a level 3 spell: Mephitic Cloud
  1077 | D:3      | Found a faded altar of an unknown god.
  1197 | D:3      | Reached XP level 5. HP: 29/45 MP: 8/8
  1565 | D:3      | Found an iron altar of Okawaru.
  1580 | D:3      | Noticed Grinder
  1602 | D:3      | Killed from afar by Grinder

Levels and vault maps discovered:
D:1:      scummos_arrival_simple_fountains, layout_basic, st_stairs_9
D:2:      layout_basic, bloody_makhleb, lemuel_blue_sif_altar,
          minmay_misc_feat_encased, st_stairs_12, okawaru_ov_weapons_minmay
D:3:      layout_loops_ring, old_standard_altar, old_standard_altar,
          chequers_ecumenical_altar_island, uniq_grinder

Skill      XL: |  1  2  3  4  5 |
---------------+----------------+-----
Unarmed Combat | 1 2 3 |  3.5
Spellcasting   | 3 |  3.1
Dodging        | |  1.5
Stealth        | |  1.0
Conjurations   | |  0.6
Summonings     | |  0.6
Translocations | |  0.6

Action                   |  1- 3 |  4- 6 || total
-------------------------+-------+-------++-------
Melee: Unarmed           |   131 |    90 ||   221
       Punch             |     1 |     1 ||     2
 Cast: Magic Dart        |       |     4 ||     4
  Use: Potion            |       |     1 ||     1
 Stab: Sleeping          |     1 |     3 ||     4
  Eat: Chunk             |    15 |     3 ||    18
Armor: Robe              |    73 |    39 ||   112
Dodge: Dodged            |    61 |    40 ||   101

Table legend:
 A = Non-vault XP
 B = Vault XP
 C = Vault XP percentage of total XP
 D = Non-vault monster count
 E = Vault monster count
 F = Vault count percentage of total count
                 A         B        C        D         E       F
            +---------+---------+-------+---------+---------+-------
      Total |     259 |       5 |   1.9 |      61 |       3 |   4.7
            +---------+---------+-------+---------+---------+-------
        D:1 |      57 |       5 |   8.1 |      26 |       3 |  10.3
        D:2 |      13 |       0 |   0.0 |       1 |       0 |   0.0
        D:3 |     189 |       0 |   0.0 |      34 |       0 |   0.0
            +---------+---------+-------+---------+---------+-------
